 Dungeon Crawl Stone Soup version 0.28-a0-751-gef3a642a4e (webtiles) character file.

Game seed: 12066321739140336390

14 lawman0 the Insei (level 2, 0/22 HPs)
             Began as a Djinni Transmuter on Oct 30, 2021.
             Slain by a jackal (2 damage)
             ... on level 1 of the Dungeon.
             The game lasted 00:00:35 (844 turns).

lawman0 the Insei (Djinni Transmuter)                Turns: 844, Time: 00:00:35

Health: 0/22       AC:  2    Str:  9    XL:     2   Next: 55%
Gold:   32         EV: 12    Int: 14    God:
                   SH:  0    Dex: 13

rFire   + + .      SeeInvis .     - Unarmed
rCold   x . .      Faith    .   (no shield)
rNeg    . . .      Spirit   .   a - +0 robe
rPois   ∞          Reflect  .   (no helmet)
rElec   .          Harm     .   (no cloak)
rCorr   .          Rampage  .   (no gloves)
Will    .....                   (boots unavailable)
Stlth   +.........              (no amulet)
HPRegen 0.07/turn               (no ring)
MPRegen 0.00/turn               (no ring)

@: flying
A: sickness immunity, fire resistance 2, cold vulnerability 1, float, innate
caster, hp casting, extra vitality 1
a: no special abilities


You were on level 1 of the Dungeon.
You visited 1 branch of the dungeon, and saw 1 of its levels.

You collected 32 gold pieces.

Inventory:

Armour
 a - a +0 robe (worn)
Scrolls
 b - a scroll of immolation {unknown}


   Skills:
 + Level 1.2 Fighting
 + Level 2.2 Dodging
 * Level 3.5 Unarmed Combat
 + Level 1.7 Spellcasting


You couldn't memorise any spells.
You knew the following spells:

 Your Spells              Type           Power      Damage    Failure   Level
a - Beastly Appendage     Tmut           12%        N/A       12%         1
b - Wereblood             Tmut           6%         N/A       19%         2
c - Spider Form           Tmut/Pois      3%         N/A       34%         3
d - Ice Form              Ice/Tmut       6%         N/A       75%         4
Your spell library was empty.

Dungeon Overview and Level Annotations

Branches:
Dungeon (1/15)

Altars:


Innate Abilities, Weirdness & Mutations

You are immune to sickness and miasma.
You are immune to poison.
Your flesh is very heat resistant. (rF++)
You are vulnerable to cold. (rC-)
You float through the air rather than walking.
You learn spells naturally, not from books.
Your magical power is your life essence.
You have superior vitality. (+4 HP)


Message History

The endoplasm freezes you.
You are frozen.
You feel a terrible chill!
You are too injured to fight recklessly!
You hit the endoplasm but do no damage.
The endoplasm is almost dead.
The endoplasm freezes you.
You are frozen!
You feel a terrible chill!
* * * LOW HITPOINT WARNING * * *
You are too injured to fight recklessly!
You hit the endoplasm.
You kill the endoplasm!
You are too injured to fight recklessly!
You closely miss the jackal. Your headbutt misses the jackal.
The jackal closely misses you.
The jackal bites you but does no damage.
You are too injured to fight recklessly!
You closely miss the jackal. The jackal closely misses you.
You barely miss the jackal. Your headbutt misses the jackal.
The jackal barely misses you.
You aren't carrying any potions.
The jackal bites you.
* * * LOW HITPOINT WARNING * * *
Your horns disappear.
The jackal closely misses you. The jackal misses you.
The jackal completely misses you.
There is an open door here.
The jackal misses you.
There is an open door here.
The jackal misses you. The jackal closely misses you.
There is an open door here.
The jackal bites you but does no damage.
The jackal bites you.
* * * LOW HITPOINT WARNING * * *
The jackal completely misses you.
Unknown command.
The jackal closely misses you. The jackal bites you.
You die...

#.# #.# #.# ##'####### #####
#.# #........# #...# #.#
#........# #####...# #.#
#........# ........# #.#
##'####### ........###.#
#.#########
..........#†######..........
..........)@................
..........h#.............#.#
...>......B#.............# #
........†..###......)..### #
.............##.......## #
#####.....##..#..§§≈..#
######## ###.......#.≈§§≈≈.#
.......#####.#####.#.≈§.§§)#
.......'...#.# #.#§≈§>≈≈)#


You could see a jackal and a giant cockroach.

Vanquished Creatures
  2 endoplasms (D:1)
  A giant cockroach (D:1)
  3 goblins (D:1)
  2 jackals (D:1)
  A kobold (D:1)
  2 rats (D:1)
11 creatures vanquished.

Notes
Turn   | Place    | Note
-------+----------+-------------------------------------------
     0 | D:1      | lawman0 the Djinni Transmuter began the quest for the Orb.
     0 | D:1      | Reached XP level 1. HP: 17/17 MP: 0/0
   601 | D:1      | Reached XP level 2. HP: 14/22 MP: 0/0
   837 | D:1      | HP: 1/22 [jackal (3)]
   844 | D:1      | Slain by a jackal

Illustrated notes

Levels and vault maps discovered:
D:1:      lemuel_arrival_lava_pool, layout_basic, columned_hall_lemuel

Action                   || total
-------------------------++-------
Melee: Unarmed           ||    34
       Headbutt          ||     4
       Punch             ||     1
 Cast: Beastly Appendage ||     5
Armor: Robe              ||     8
Dodge: Dodged            ||    29

Table legend: (Time is in decaauts)
 A = Elapsed time spent in this place.
 B = Non-inter-level travel time spent in this place.
 C = Inter-level travel time spent in this place.
 D = Time resting spent in this place.
 E = Time spent auto-exploring this place.
 F = Levels seen in this place.
 G = Mean time per level.
                   A        B        C        D        E       F      G
               +--------+--------+--------+--------+--------+-----+--------+
         Total |    842 |    842 |      0 |    406 |    342 |   1 |  842.0 |
       Dungeon |    842 |    842 |      0 |    406 |    342 |   1 |  842.0 |
               +--------+--------+--------+--------+--------+-----+--------+

Top non-repeatable levels by time:
     D:1: 842 daAuts
